 Dungeon Crawl Stone Soup version 0.21.0-24-g2553a3340b (webtiles) character file.

47 Krosko the Cudgeler (level 3, -7/54 HPs)
             Began as a Troll Berserker on Jan 22, 2018.
             Was a Believer of Trog.
             Mangled by Thargor's ghost (9 damage)
             ... on level 3 of the Dungeon.
             The game lasted 00:02:31 (885 turns).

Krosko the Cudgeler (Troll Berserker)                Turns: 885, Time: 00:02:32

Health: -7/54      AC:  5    Str: 31    XL:     3   Next: 48%
Magic:  2/2        EV: 10    Int:  3    God:    Trog [**....]
Gold:   69         SH:  0    Dex:  9    Spells: 2/2 levels left

rFire    . . .     SeeInvis .   a - +0 mace
rCold    . . .     Gourm    +   (no shield)
rNeg     . . .     Faith    .   b - +0 animal skin
rPois    .         Spirit   .   (helmet restricted)
rElec    .         Reflect  .   (no cloak)
rCorr    .         Harm     .   (gloves unavailable)
MR       .....                  (boots unavailable)
Stlth    ..........             (no amulet)
HPRegen  0.58/turn              (no ring)
MPRegen  0.08/turn              (no ring)

@: berserking, very quick
A: large, unfitting armour, claws 3, fast metabolism 3, gourmand, regeneration
1, shaggy fur 1, tough skin 2
a: Berserk, Trog's Hand, Burn Spellbooks, Renounce Religion


You were on level 3 of the Dungeon.
You worshipped Trog.
Trog was pleased with you.
You were very full.

You visited 1 branch of the dungeon, and saw 3 of its levels.

You collected 69 gold pieces.

Inventory:

Hand Weapons
 a - a +0 mace (weapon)
Armour
 b - a +0 animal skin (worn)
Jewellery
 m - an uncursed ring of stealth {unknown}
Scrolls
 d - a scroll of blinking {unknown}
 e - 2 scrolls of teleportation {unknown}
 f - a scroll of amnesia {unknown}
 g - 2 scrolls of remove curse {unknown}
 i - 3 scrolls of identify {unknown}
Potions
 h - a potion of curing {unknown}
 j - a potion of agility {unknown}
 k - a potion of cancellation {unknown}
 l - a potion of degeneration {unknown}
Comestibles
 c - 6 rations
 n - 5 chunks of flesh


   Skills:
 + Level 2.8 Fighting
 + Level 3.4 Maces & Flails
 + Level 2.7 Dodging
 + Level 0.1 Stealth


You had 2 spell levels left.
You didn't know any spells.

Dungeon Overview and Level Annotations

Branches:
Dungeon (3/15)

Altars:

Annotations:
D:3 Thargor's ghost, amateur HuBe


Innate Abilities, Weirdness & Mutations

You are too large for most types of armour.
You have claws for hands.
Your metabolism is lightning-fast.
You like to eat raw meat.
Your natural rate of healing is unusually fast.
You are covered in fur. (AC +1)
You have very tough skin. (AC +2)


Message History

Thargor's ghost hits you.
You barely miss Thargor's ghost. The orc hits you but does no damage.
You hit Thargor's ghost but do no damage.
Thargor's ghost hits you. The orc completely misses you.
The worm barely misses you.
You sock Thargor's ghost!
Thargor's ghost is lightly damaged.
Thargor's ghost hits you. The orc hits you with a dagger.
* * * LOW HITPOINT WARNING * * *
You hit Thargor's ghost but do no damage.
Thargor's ghost is lightly damaged.
Thargor's ghost hits you.
* * * LOW HITPOINT WARNING * * *
The worm bites you!
* * * LOW HITPOINT WARNING * * *
The orc hits you but does no damage.
You thump Thargor's ghost!
Thargor's ghost is moderately damaged.
Thargor's ghost hits you!
You die...

#######
.....%.
)......
.......
.......
^.....w##
......o@#
.......W##
.......<.#
...##+#.....#
## ##.##...#
># ### .. ###


You could see a worm, Thargor's ghost and an orc.

Vanquished Creatures
  An adder (D:2)
  An ooze (D:2)
  2 dart slugs
  A leopard gecko (D:2)
  3 bats
  A giant cockroach (D:2)
  A goblin (D:1)
  4 hobgoblins
  3 jackals (D:1)
  A quokka (D:2)
  A ball python (D:2)
  2 frilled lizards (D:1)
  6 kobolds
  A rat (D:1)
28 creatures vanquished.

Notes
Turn   | Place    | Note
-------+----------+-------------------------------------------
     0 | D:1      | Krosko the Troll Berserker began the quest for the Orb.
     0 | D:1      | Reached XP level 1. HP: 22/22 MP: 0/0
    33 | D:1      | Reached skill level 3 in Maces & Flails
    75 | D:1      | Reached XP level 2. HP: 29/29 MP: 1/1
   600 | D:2      | Reached XP level 3. HP: 36/36 MP: 2/2
   795 | D:2      | Reached ** piety under Trog
   877 | D:3      | Noticed Thargor's ghost (amateur HuBe)
   884 | D:3      | HP: 1/54 [worm (7)]
   885 | D:3      | Mangled by Thargor's ghost

Skill      XL: |  1 |
---------------+----+-----
Maces & Flails | 3 |  3.4
Fighting       | |  2.8
Dodging        | |  2.7
Stealth        | |  0.1

Action                   || total
-------------------------++-------
Melee: Mace              ||   114
Invok: Berserk           ||     1
  Eat: Chunk             ||    14
Armor: Animal skin       ||    48
Dodge: Dodged            ||    86
